Sharks vs Predators
Created - 3 novembre 2013 at 19:17
Goals
|
| Sharks |
1 |
2 |
0 |
3 |
| Predators |
2 |
2 |
0 |
4 |
|
Shots
|
| Sharks |
7 |
16 |
10 |
33 |
| Predators |
18 |
11 |
4 |
33 |
|
1st period
1. Predators , Joe Thornton 5 (Alexander Ovechkin, Mikael Samuelsson) at 16:49 (PP)
2. Sharks , Ian Laperriere 1 (Daniel Sedin) at 18:49
3. Predators , Joe Thornton 6 (Alexander Ovechkin, Mikael Samuelsson) at 19:06 (PP)
Penalties :
Alexander Ovechkin (Nas) for High sticking (Minor) at 0:17, Henrik Sedin (SJS) for Interference (Minor) at 0:17, Filip Kuba (SJS) for Tripping (Minor) at 0:30, Tomas Fleischmann (SJS) for Tripping (Minor) at 3:40, Mikko Koivu (SJS) for Roughing (Minor) at 15:12, Henrik Sedin (SJS) for Tripping (Minor) at 18:56
2nd period
4. Sharks , Ian Laperriere 2 (David Hale) at 10:22
5. Sharks , David Hale 1 (Georges Laraque, Henrik Sedin) at 12:00
6. Predators , Oleg Saprykin 2 (Ryan Mcdonagh) at 14:21
7. Predators , Alexander Ovechkin 4 (Alexander Steen, Ryan Mcdonagh) at 15:48
Penalties :
No Penalty
3rd period
No Goal
Penalties :
Mikael Samuelsson (Nas) for Hooking (Minor) at 2:13, Joni Pitkanen (SJS) for Tripping (Minor) at 12:42, Mikko Koivu (SJS) for Roughing (Minor) at 16:36
Goalie Stats
Tyler Weiman (SJS), 29 saves from 33 shots - (0,879), L, 1-3-1, 59:05 minutes
Rick DiPietro (Nas), 30 saves from 33 shots - (0,909), W, 4-2-0, 60:00 minutes
Players Stats for Sharks
Player Name G A P +/- PIM S H SB GA TA FO MP PP MP PK MP
------------------------------------------------------------------------------------
Adam Mair 0 0 0 -1 0 0 1 1 0 0 0/6 15:22 0:00 1:53
Alex Pietrangelo 0 0 0 -1 0 0 0 0 0 1 0/0 12:27 0:00 1:58
Andrei Markov 0 0 0 3 0 3 1 2 1 0 0/0 22:23 0:53 4:47
Daniel Sedin 0 1 1 2 0 5 1 0 0 0 1/2 15:55 0:52 3:21
Dany Heatley 0 0 0 1 0 1 1 1 1 0 4/11 21:55 1:07 4:50
David Hale 1 1 2 3 0 1 0 1 0 0 0/0 21:56 0:53 4:54
David Krejci 0 0 0 -1 0 0 1 0 0 0 0/0 8:56 0:00 0:46
Filip Kuba 0 0 0 -1 2 3 1 2 0 1 0/0 25:27 1:06 3:23
Georges Laraque 0 1 1 1 0 6 2 1 0 1 1/3 16:33 0:59 2:17
Henrik Sedin 0 1 1 1 4 5 0 0 1 0 7/18 20:27 0:59 4:07
Ian Laperriere 2 0 2 2 0 4 4 0 0 0 0/0 12:27 0:52 0:00
Joni Pitkanen 0 0 0 -1 2 1 0 1 1 3 0/0 25:50 1:06 3:46
Kevin Klein 0 0 0 -1 0 0 0 0 0 0 0/0 11:17 0:00 0:38
Martin Samuelsson 0 0 0 -1 0 0 4 0 2 0 0/0 8:24 0:00 0:13
Mikko Koivu 0 0 0 2 4 1 1 0 1 0 5/9 12:34 0:52 0:13
Patrick Eaves 0 0 0 -1 0 1 0 0 1 0 0/0 13:41 0:08 0:00
Ryan Callahan 0 0 0 -1 0 0 1 0 0 0 0/0 7:55 0:00 0:00
Tomas Fleischmann 0 0 0 -1 2 2 1 1 0 0 0/0 14:42 0:08 0:00
Players Stats for Predators
Player Name G A P +/- PIM S H SB GA TA FO MP PP MP PK MP
------------------------------------------------------------------------------------
Alexander Edler 0 0 0 -2 0 1 1 2 0 1 0/0 19:22 2:44 0:48
Alexander Ovechkin 1 2 3 1 2 6 2 0 2 0 2/2 23:25 4:41 1:00
Alexander Steen 0 1 1 1 0 0 0 0 0 0 0/0 8:33 0:13 0:37
Andrew Ference 0 0 0 0 0 0 0 3 0 0 0/0 5:34 0:00 0:00
Andy Miele 0 0 0 -2 0 1 1 1 0 0 0/0 13:47 0:00 0:00
Barret Jackman 0 0 0 1 0 1 0 1 0 0 0/0 10:13 0:00 0:00
Joe Thornton 2 0 2 1 0 5 1 0 1 0 15/23 23:54 4:38 1:00
Keith Tkachuk 0 0 0 -2 0 2 1 0 1 1 2/4 14:45 0:07 0:00
Kent Huskins 0 0 0 -2 0 1 0 2 0 0 0/0 18:47 2:44 0:48
Kurtis Foster 0 0 0 0 0 2 0 2 1 2 0/0 25:55 5:13 1:06
Mariusz Czerkawski 0 0 0 0 0 1 0 0 0 2 0/0 16:46 3:16 0:00
Mikael Samuelsson 0 2 2 0 2 1 0 1 0 0 1/1 19:43 4:24 0:00
Mike Ribeiro 0 0 0 0 0 4 4 0 0 0 8/15 19:11 3:16 0:24
Oleg Saprykin 1 0 1 0 0 6 0 1 0 0 0/0 18:36 3:16 0:22
Paul Mara 0 0 0 0 0 0 0 0 0 1 0/0 5:45 0:00 0:05
Rob Niedermayer 0 0 0 -2 0 0 0 0 1 0 3/4 14:13 0:00 0:35
Robyn Regehr 0 0 0 0 0 2 1 1 0 1 0/0 25:46 5:13 1:06
Ryan Mcdonagh 0 2 2 1 0 0 0 0 0 0 0/0 11:45 0:00 0:05
3 Stars
1 - Ian Laperriere (SJS)
2 - Joe Thornton (Nas)
3 - David Hale (SJS)
Power Play
Sharks - 0 on 1 Attempt(s) - 0,00%
Predators - 2 on 6 Attempt(s) - 33,33%
Penalty Kill
Sharks - 4 on 6 Attempt(s) - 66,67%
- Score 0 goal in Penalty Kill
Predators - 1 on 1 Attempt(s) - 100,00%
- Score 0 goal in Penalty Kill
Official
Referees : McCreary Bill and Walsh Ian
Linesman : Shane Heyer and Steve Barton
Game Notes
No Game Note
Finance
Level 1 -- Attendance: 6000 (100,00%) -- Ticket Income 492 000 $
Level 2 -- Attendance: 3918 (78,36%) -- Ticket Income 211 572 $
Level 3 -- Attendance: 1550 (77,50%) -- Ticket Income 51 150 $
Level 4 -- Attendance: 3717 (92,93%) -- Ticket Income 74 340 $
Luxury Box -- Attendance: 977 (97,70%) -- Ticket Income 161 205 $
Game was played at the Wildcat center
Total Attendance: 16162 (89,79%)
Total Ticket Income: 990 267 $
Other Income: 148 540 $
Total Income: 1 138 807 $
Sharks
5 vs 5 Forward
Center Left Wing Right Wing Time % Phy DF OF
1 Henrik Sedin Dany Heatley Georges Laraque 40 1 2 2
2 Mikko Koivu Daniel Sedin Ian Laperriere 30 1 2 2
3 Adam Mair Tomas Fleischmann Patrick Eaves 20 1 2 2
4 David Krejci Martin Samuelsson Ryan Callahan 10 1 2 2
5 vs 5 Defense
Defense Defense Time % Phy DF OF
1 Joni Pitkanen Filip Kuba 40 1 2 2
2 Andrei Markov David Hale 30 1 2 2
3 Kevin Klein Alex Pietrangelo 20 1 2 2
4 Joni Pitkanen Filip Kuba 10 1 2 2
PowerPlay Forward
Center Left Wing Right Wing Time % Phy DF OF
1 Henrik Sedin Dany Heatley Georges Laraque 60 1 2 2
2 Mikko Koivu Daniel Sedin Ian Laperriere 40 1 2 2
PowerPlay Defense
Defense Defense Time % Phy DF OF
1 Joni Pitkanen Filip Kuba 60 1 2 2
2 Andrei Markov David Hale 40 1 2 2
Penalty Kill 4 Players Forward
Center Wing Time % Phy DF OF
1 Dany Heatley Henrik Sedin 60 1 2 2
2 Daniel Sedin Georges Laraque 40 1 2 2
Penalty Kill 4 Players Defense
Defense Defense Time % Phy DF OF
1 Joni Pitkanen Filip Kuba 60 1 2 2
2 Andrei Markov David Hale 40 1 2 2
Penalty Kill - 3 Players Forward
Forward Time % Phy DF OF
1 Dany Heatley 60 1 2 2
2 Henrik Sedin 40 1 2 2
Penalty Kill - 3 Players Defense
Defense Defense Time % Phy DF OF
1 Joni Pitkanen Filip Kuba 60 1 2 2
2 Andrei Markov David Hale 40 1 2 2
4 vs 4 Forward
Center Wing Time % Phy DF OF
1 Dany Heatley Henrik Sedin 60 1 2 2
2 Daniel Sedin Georges Laraque 40 1 2 2
4 vs 4 Defense
Defense Defense Time % Phy DF OF
1 Joni Pitkanen Filip Kuba 60 1 2 2
2 Andrei Markov David Hale 40 1 2 2
Last Minutes Offensive
Center Left Wing Right Wing Defense Defense
Henrik Sedin Dany Heatley Georges Laraque Joni Pitkanen Filip Kuba
Last Minutes Defensive
Center Left Wing Right Wing Defense Defense
Henrik Sedin Dany Heatley Georges Laraque Joni Pitkanen Filip Kuba
Goaltenders
Starting : Tyler Weiman
Backup : Martin Biron
Extra Forwards
Normal : Tomas Fleischmann, Patrick Eaves, Adam Mair - PP : Tomas Fleischmann, Patrick Eaves - PK : Adam Mair
Extra Defensemen
Normal : Kevin Klein, Alex Pietrangelo, Andrei Markov - PP : Kevin Klein - PK : Alex Pietrangelo, Andrei Markov
Penalty Shots
Dany Heatley, Henrik Sedin, Daniel Sedin, Georges Laraque, Mikko Koivu
Predators
5 vs 5 Forward
Center Left Wing Right Wing Time % Phy DF OF
1 Joe Thornton Alexander Ovechkin Mikael Samuelsson 40 1 2 2
2 Mike Ribeiro Oleg Saprykin Mariusz Czerkawski 30 1 2 2
3 Rob Niedermayer Keith Tkachuk Andy Miele 20 1 2 2
4 Alexander Ovechkin Alexander Steen Joe Thornton 10 1 2 2
5 vs 5 Defense
Defense Defense Time % Phy DF OF
1 Kurtis Foster Robyn Regehr 40 1 2 2
2 Alexander Edler Kent Huskins 30 1 2 2
3 Barret Jackman Ryan Mcdonagh 20 1 2 2
4 Paul Mara Andrew Ference 10 1 2 2
PowerPlay Forward
Center Left Wing Right Wing Time % Phy DF OF
1 Joe Thornton Alexander Ovechkin Mikael Samuelsson 60 1 2 2
2 Mike Ribeiro Oleg Saprykin Mariusz Czerkawski 40 1 2 2
PowerPlay Defense
Defense Defense Time % Phy DF OF
1 Kurtis Foster Robyn Regehr 60 1 2 2
2 Alexander Edler Kent Huskins 40 1 2 2
Penalty Kill 4 Players Forward
Center Wing Time % Phy DF OF
1 Alexander Ovechkin Joe Thornton 60 1 2 2
2 Mike Ribeiro Oleg Saprykin 40 1 2 2
Penalty Kill 4 Players Defense
Defense Defense Time % Phy DF OF
1 Kurtis Foster Robyn Regehr 60 1 2 2
2 Alexander Edler Kent Huskins 40 1 2 2
Penalty Kill - 3 Players Forward
Forward Time % Phy DF OF
1 Alexander Ovechkin 60 1 2 2
2 Joe Thornton 40 1 2 2
Penalty Kill - 3 Players Defense
Defense Defense Time % Phy DF OF
1 Kurtis Foster Robyn Regehr 60 1 2 2
2 Alexander Edler Kent Huskins 40 1 2 2
4 vs 4 Forward
Center Wing Time % Phy DF OF
1 Alexander Ovechkin Joe Thornton 60 1 2 2
2 Mike Ribeiro Oleg Saprykin 40 1 2 2
4 vs 4 Defense
Defense Defense Time % Phy DF OF
1 Kurtis Foster Robyn Regehr 60 1 2 2
2 Alexander Edler Kent Huskins 40 1 2 2
Last Minutes Offensive
Center Left Wing Right Wing Defense Defense
Joe Thornton Alexander Ovechkin Mikael Samuelsson Kurtis Foster Robyn Regehr
Last Minutes Defensive
Center Left Wing Right Wing Defense Defense
Joe Thornton Alexander Ovechkin Mikael Samuelsson Kurtis Foster Robyn Regehr
Goaltenders
Starting : Rick DiPietro
Backup : Josh Tordjman
Extra Forwards
Normal : Keith Tkachuk, Alexander Steen, Rob Niedermayer - PP : Keith Tkachuk, Alexander Steen - PK : Rob Niedermayer
Extra Defensemen
Normal : Barret Jackman, Ryan Mcdonagh, Paul Mara - PP : Barret Jackman - PK : Ryan Mcdonagh, Paul Mara
Penalty Shots
Alexander Ovechkin, Joe Thornton, Mike Ribeiro, Oleg Saprykin, Keith Tkachuk
% Time on Ice - Sharks
Lines # - Real PCT - Wanted PCT - Time Play
Normal Forward
1 - 30% - 40% - 14:05
2 - 25% - 30% - 11:30
3 - 29% - 20% - 13:25
4 - 17% - 10% - 7:54
Normal Defense
1 - 40% - 40% - 18:54
2 - 34% - 30% - 16:00
3 - 21% - 20% - 10:02
4 - 4% - 10% - 1:58
PP Forward
1 - 56% - 60% - 1:07
2 - 44% - 40% - 0:52
PP Defense
1 - 55% - 60% - 1:06
2 - 45% - 40% - 0:53
PK Forward
1 - 69% - 60% - 5:31
2 - 31% - 40% - 2:26
PK Defense
1 - 53% - 60% - 4:14
2 - 47% - 40% - 3:43
PK3 Forward
1 - 53% - 60% - 0:56
2 - 47% - 40% - 0:50
PK3 Defense
1 - 48% - 60% - 0:51
2 - 52% - 40% - 0:55
44 Forward
1 - 100% - 60% - 0:13
2 - 0% - 40% - 0:00
44 Defense
1 - 100% - 60% - 0:13
2 - 0% - 40% - 0:00
Last Minute Offensive - 1:11
Last Minute Defensive - 0:00
Total
Forward - 60:00
Defense - 60:00
|
% Time on Ice - Predators
Lines # - Real PCT - Wanted PCT - Time Play
Normal Forward
1 - 32% - 40% - 15:00
2 - 29% - 30% - 13:50
3 - 29% - 20% - 13:36
4 - 10% - 10% - 4:31
Normal Defense
1 - 40% - 40% - 18:38
2 - 28% - 30% - 13:20
3 - 21% - 20% - 9:57
4 - 11% - 10% - 5:02
PP Forward
1 - 59% - 60% - 4:41
2 - 41% - 40% - 3:16
PP Defense
1 - 66% - 60% - 5:13
2 - 34% - 40% - 2:44
PK Forward
1 - 82% - 60% - 1:37
2 - 18% - 40% - 0:22
PK Defense
1 - 60% - 60% - 1:11
2 - 40% - 40% - 0:48
PK3 Forward
1 - 0% - 60%
2 - 0% - 40%
PK3 Defense
1 - 0% - 60%
2 - 0% - 40%
44 Forward
1 - 36% - 60% - 0:43
2 - 64% - 40% - 1:16
44 Defense
1 - 36% - 60% - 0:43
2 - 64% - 40% - 1:16
Last Minute Offensive - 0:00
Last Minute Defensive - 1:08
Total
Forward - 60:00
Defense - 60:00
|
Play by Play
1st period
0:01 of 1st period - Joe Thornton wins face-off versus Henrik Sedin in neutral zone.
0:17 of 1st period - Minor Penalty to Alexander Ovechkin for High sticking.
0:17 of 1st period - Minor Penalty to Henrik Sedin for Interference.
0:18 of 1st period - Dany Heatley wins face-off versus Keith Tkachuk in Sharks zone.
0:30 of 1st period - Minor Penalty to Filip Kuba for Tripping.
0:31 of 1st period - Dany Heatley wins face-off versus Mike Ribeiro in Sharks zone.
1:14 of 1st period - Snap shot by Oleg Saprykin.
1:14 of 1st period - Stopped by Tyler Weiman with a rebound.
1:32 of 1st period - Snap shot by Mike Ribeiro.
1:32 of 1st period - Shot Blocked by Andrei Markov.
1:34 of 1st period - Slapshot by Kent Huskins.
1:34 of 1st period - Deflect By Adam Mair.
1:34 of 1st period - Stopped by Tyler Weiman with a rebound.
1:36 of 1st period - Wrist shot by Oleg Saprykin.
1:36 of 1st period - Stopped by Tyler Weiman with a rebound.
1:38 of 1st period - Snap shot by Mike Ribeiro.
1:38 of 1st period - Stopped by Tyler Weiman with a rebound.
1:40 of 1st period - Slapshot by Alexander Edler.
1:40 of 1st period - Shot Misses the Net.
1:42 of 1st period - Snap shot by Oleg Saprykin.
1:42 of 1st period - Stopped by Tyler Weiman with a rebound.
1:44 of 1st period - Slapshot by Kent Huskins.
1:44 of 1st period - Shot Blocked by David Hale.
1:46 of 1st period - Slapshot by Kent Huskins.
1:46 of 1st period - Deflect By Mike Ribeiro.
1:46 of 1st period - Shot Misses the Net.
1:46 of 1st period - Puck is out of play.
1:47 of 1st period - Keith Tkachuk wins face-off versus Dany Heatley in Sharks zone.
2:17 of 1st period - Penalty to Alexander Ovechkin is over, Alexander Ovechkin is back on ice.
2:17 of 1st period - Penalty to Henrik Sedin is over, Henrik Sedin is back on ice.
2:22 of 1st period - Wrist shot by Alexander Ovechkin.
2:22 of 1st period - Stopped by Tyler Weiman with a rebound.
2:30 of 1st period - Penalty to Filip Kuba is over, Filip Kuba is back on ice.
2:58 of 1st period - Slapshot by Henrik Sedin.
2:58 of 1st period - Stopped by Rick DiPietro with a rebound.
3:10 of 1st period - Snap shot by Filip Kuba.
3:10 of 1st period - Stopped by Rick DiPietro with a rebound.
3:12 of 1st period - Slapshot by Joni Pitkanen.
3:12 of 1st period - Deflect By Henrik Sedin.
3:12 of 1st period - Shot Misses the Net.
3:12 of 1st period - Puck is out of play.
3:13 of 1st period - Rob Niedermayer wins face-off versus Mikko Koivu in Predators zone.
3:38 of 1st period - Tomas Fleischmann is hit by Mike Ribeiro and loses puck.
3:40 of 1st period - Minor Penalty to Tomas Fleischmann for Tripping.
3:41 of 1st period - Henrik Sedin wins face-off versus Mike Ribeiro in Sharks zone.
4:02 of 1st period - Slapshot by Mike Ribeiro.
4:02 of 1st period - Stopped by Tyler Weiman without a rebound.
4:03 of 1st period - Joe Thornton wins face-off versus Dany Heatley in Sharks zone.
4:57 of 1st period - Icing by Kent Huskins.
4:58 of 1st period - Daniel Sedin wins face-off versus Mike Ribeiro in Predators zone.
5:01 of 1st period - Wrist shot by Daniel Sedin.
5:01 of 1st period - Stopped by Rick DiPietro without a rebound.
5:02 of 1st period - Mike Ribeiro wins face-off versus Daniel Sedin in Predators zone.
5:09 of 1st period - Snap shot by Mike Ribeiro.
5:09 of 1st period - Stopped by Tyler Weiman with a rebound.
5:11 of 1st period - Wrist shot by Mariusz Czerkawski.
5:11 of 1st period - Stopped by Tyler Weiman with a rebound.
5:29 of 1st period - Filip Kuba is hit by Mike Ribeiro.
5:40 of 1st period - Penalty to Tomas Fleischmann is over, Tomas Fleischmann is back on ice.
6:27 of 1st period - Slapshot by Joni Pitkanen.
6:27 of 1st period - Shot Blocked by Alexander Edler.
7:12 of 1st period - Off-side.
7:13 of 1st period - Mikko Koivu wins face-off versus Joe Thornton in neutral zone.
7:16 of 1st period - Robyn Regehr is hit by Andrei Markov and loses puck.
7:39 of 1st period - Andy Miele is hit by Martin Samuelsson and loses puck.
8:29 of 1st period - Slapshot by Daniel Sedin.
8:29 of 1st period - Stopped by Rick DiPietro with a rebound.
12:00 of 1st period - Martin Samuelsson is hit by Alexander Ovechkin and loses puck.
13:33 of 1st period - Ryan Mcdonagh is hit by Ian Laperriere and loses puck.
14:04 of 1st period - Kurtis Foster is hit by Martin Samuelsson and loses puck.
14:43 of 1st period - Snap shot by Dany Heatley.
14:43 of 1st period - Shot Misses the Net.
14:45 of 1st period - Slapshot by Andrei Markov.
14:45 of 1st period - Stopped by Rick DiPietro without a rebound.
14:46 of 1st period - Henrik Sedin wins face-off versus Mike Ribeiro in Predators zone.
15:12 of 1st period - Minor Penalty to Mikko Koivu for Roughing.
15:13 of 1st period - Joe Thornton wins face-off versus Dany Heatley in Sharks zone.
15:18 of 1st period - Wrist shot by Alexander Ovechkin.
15:18 of 1st period - Stopped by Tyler Weiman without a rebound.
15:19 of 1st period - Joe Thornton wins face-off versus Dany Heatley in Sharks zone.
15:22 of 1st period - Slapshot by Alexander Ovechkin.
15:22 of 1st period - Stopped by Tyler Weiman with a rebound.
15:24 of 1st period - Wrist shot by Mikael Samuelsson.
15:24 of 1st period - Shot Misses the Net.
15:26 of 1st period - Snap shot by Kurtis Foster.
15:26 of 1st period - Stopped by Tyler Weiman with a rebound.
16:35 of 1st period - Snap shot by Joe Thornton.
16:35 of 1st period - Stopped by Tyler Weiman with a rebound.
16:37 of 1st period - Wrist shot by Mikael Samuelsson.
16:37 of 1st period - Shot Misses the Net.
16:49 of 1st period - Snap shot by Joe Thornton.
16:49 of 1st period - Deflect By Andrei Markov.
16:49 of 1st period - Goal by Joe Thornton - Sharks : 0 - Predators : 1.
16:50 of 1st period - Mike Ribeiro wins face-off versus Adam Mair in neutral zone.
17:15 of 1st period - Icing by Tomas Fleischmann.
17:16 of 1st period - Rob Niedermayer wins face-off versus Henrik Sedin in Sharks zone.
17:29 of 1st period - Snap shot by Henrik Sedin.
17:29 of 1st period - Shot Misses the Net.
17:31 of 1st period - Snap shot by Georges Laraque.
17:31 of 1st period - Shot Misses the Net.
17:45 of 1st period - Snap shot by Patrick Eaves.
17:45 of 1st period - Stopped by Rick DiPietro without a rebound.
17:46 of 1st period - Mike Ribeiro wins face-off versus Adam Mair in Predators zone.
17:55 of 1st period - Snap shot by Mike Ribeiro.
17:55 of 1st period - Deflect By Adam Mair.
17:55 of 1st period - Stopped by Tyler Weiman with a rebound.
17:57 of 1st period - Slapshot by Robyn Regehr.
17:57 of 1st period - Shot Misses the Net.
17:59 of 1st period - Slapshot by Oleg Saprykin.
17:59 of 1st period - Shot Misses the Net.
18:01 of 1st period - Slapshot by Mariusz Czerkawski.
18:01 of 1st period - Deflect By Oleg Saprykin.
18:01 of 1st period - Stopped by Tyler Weiman without a rebound.
18:02 of 1st period - Joe Thornton wins face-off versus Henrik Sedin in Sharks zone.
18:39 of 1st period - Wrist shot by Patrick Eaves.
18:39 of 1st period - Shot Misses the Net.
18:49 of 1st period - Wrist shot by Ian Laperriere.
18:49 of 1st period - Goal by Ian Laperriere - Sharks : 1 - Predators : 1.
18:50 of 1st period - Henrik Sedin wins face-off versus Joe Thornton in neutral zone.
18:56 of 1st period - Minor Penalty to Henrik Sedin for Tripping.
18:57 of 1st period - Mikael Samuelsson wins face-off versus Dany Heatley in Sharks zone.
19:06 of 1st period - Slapshot by Joe Thornton.
19:06 of 1st period - Goal by Joe Thornton - Sharks : 1 - Predators : 2.
19:07 of 1st period - Mikko Koivu wins face-off versus Joe Thornton in neutral zone.
19:32 of 1st period - Kurtis Foster is hit by Georges Laraque and loses puck.
19:53 of 1st period - Wrist shot by Keith Tkachuk.
19:53 of 1st period - Stopped by Tyler Weiman with a rebound.
2nd period
0:01 of 2nd period - Henrik Sedin wins face-off versus Joe Thornton in neutral zone.
0:11 of 2nd period - Wrist shot by Henrik Sedin.
0:11 of 2nd period - Shot Blocked by Robyn Regehr.
0:13 of 2nd period - Slapshot by Joni Pitkanen.
0:13 of 2nd period - Stopped by Rick DiPietro with a rebound.
0:25 of 2nd period - Kurtis Foster is hit by Ian Laperriere and loses puck.
1:11 of 2nd period - Joe Thornton is hit by Martin Samuelsson and loses puck.
1:30 of 2nd period - Snap shot by Henrik Sedin.
1:30 of 2nd period - Shot Misses the Net.
1:48 of 2nd period - Snap shot by Ian Laperriere.
1:48 of 2nd period - Shot Misses the Net.
1:50 of 2nd period - Slapshot by Daniel Sedin.
1:50 of 2nd period - Stopped by Rick DiPietro with a rebound.
1:52 of 2nd period - Slapshot by David Hale.
1:52 of 2nd period - Shot Blocked by Kent Huskins.
2:17 of 2nd period - Barret Jackman is hit by Ryan Callahan.
2:41 of 2nd period - Wrist shot by Georges Laraque.
2:41 of 2nd period - Stopped by Rick DiPietro without a rebound.
2:42 of 2nd period - Mikko Koivu wins face-off versus Mike Ribeiro in Predators zone.
2:49 of 2nd period - Wrist shot by Daniel Sedin.
2:49 of 2nd period - Shot Misses the Net.
3:07 of 2nd period - Ryan Mcdonagh is hit by Georges Laraque and loses puck.
3:32 of 2nd period - Joe Thornton is hit by Tomas Fleischmann and loses puck.
3:45 of 2nd period - Mike Ribeiro is hit by David Krejci and loses puck.
4:49 of 2nd period - Mikael Samuelsson is hit by Daniel Sedin and loses puck.
5:17 of 2nd period - Kurtis Foster is hit by Dany Heatley and loses puck.
5:32 of 2nd period - Snap shot by Daniel Sedin.
5:32 of 2nd period - Stopped by Rick DiPietro with a rebound.
5:34 of 2nd period - Snap shot by Alex Pietrangelo.
5:34 of 2nd period - Shot Misses the Net.
5:40 of 2nd period - Snap shot by Mikko Koivu.
5:40 of 2nd period - Shot Blocked by Alexander Edler.
5:58 of 2nd period - Wrist shot by Tomas Fleischmann.
5:58 of 2nd period - Stopped by Rick DiPietro with a rebound.
6:00 of 2nd period - Slapshot by David Hale.
6:00 of 2nd period - Shot Misses the Net.
6:30 of 2nd period - Snap shot by David Krejci.
6:30 of 2nd period - Shot Blocked by Andrew Ference.
6:32 of 2nd period - Snap shot by David Krejci.
6:32 of 2nd period - Shot Blocked by Andrew Ference.
6:34 of 2nd period - Slapshot by Andrei Markov.
6:34 of 2nd period - Shot Blocked by Andrew Ference.
6:44 of 2nd period - Snap shot by Daniel Sedin.
6:44 of 2nd period - Stopped by Rick DiPietro without a rebound.
6:45 of 2nd period - Rob Niedermayer wins face-off versus Mikko Koivu in Predators zone.
6:56 of 2nd period - Snap shot by Mikko Koivu.
6:56 of 2nd period - Shot Misses the Net.
7:14 of 2nd period - Wrist shot by Kurtis Foster.
7:14 of 2nd period - Shot Blocked by Filip Kuba.
7:16 of 2nd period - Wrist shot by Robyn Regehr.
7:16 of 2nd period - Stopped by Tyler Weiman without a rebound.
7:17 of 2nd period - Joe Thornton wins face-off versus Adam Mair in Sharks zone.
8:05 of 2nd period - Tomas Fleischmann is hit by Joe Thornton and loses puck.
8:37 of 2nd period - Wrist shot by Mikael Samuelsson.
8:37 of 2nd period - Shot Misses the Net.
9:06 of 2nd period - Slapshot by Alexander Ovechkin.
9:06 of 2nd period - Stopped by Tyler Weiman with a rebound.
9:08 of 2nd period - Wrist shot by Barret Jackman.
9:08 of 2nd period - Stopped by Tyler Weiman with a rebound.
9:10 of 2nd period - Wrist shot by Joe Thornton.
9:10 of 2nd period - Shot Misses the Net.
9:12 of 2nd period - Wrist shot by Alexander Ovechkin.
9:12 of 2nd period - Shot Blocked by Tomas Fleischmann.
9:14 of 2nd period - Snap shot by Mikael Samuelsson.
9:14 of 2nd period - Stopped by Tyler Weiman with a rebound.
9:26 of 2nd period - Wrist shot by Joe Thornton.
9:26 of 2nd period - Stopped by Tyler Weiman with a rebound.
9:28 of 2nd period - Snap shot by Alexander Ovechkin.
9:28 of 2nd period - Stopped by Tyler Weiman with a rebound.
9:30 of 2nd period - Slapshot by Mikael Samuelsson.
9:30 of 2nd period - Shot Misses the Net.
9:32 of 2nd period - Slapshot by Barret Jackman.
9:32 of 2nd period - Shot Blocked by Filip Kuba.
9:42 of 2nd period - Snap shot by Patrick Eaves.
9:42 of 2nd period - Deflect By Adam Mair.
9:42 of 2nd period - Shot Blocked by Barret Jackman.
9:42 of 2nd period - Puck is out of play.
9:43 of 2nd period - Mike Ribeiro wins face-off versus Henrik Sedin in Predators zone.
9:45 of 2nd period - Icing by Oleg Saprykin.
9:46 of 2nd period - Dany Heatley wins face-off versus Mike Ribeiro in Predators zone.
9:58 of 2nd period - Wrist shot by Oleg Saprykin.
9:58 of 2nd period - Shot Blocked by Dany Heatley.
10:09 of 2nd period - Icing by Dany Heatley.
10:10 of 2nd period - Mikko Koivu wins face-off versus Rob Niedermayer in Sharks zone.
10:15 of 2nd period - Kent Huskins is hit by Ian Laperriere and loses puck.
10:22 of 2nd period - Snap shot by Ian Laperriere.
10:22 of 2nd period - Goal by Ian Laperriere - Sharks : 2 - Predators : 2.
10:23 of 2nd period - Mike Ribeiro wins face-off versus Henrik Sedin in neutral zone.
10:50 of 2nd period - Daniel Sedin is hit by Andy Miele and loses puck.
10:59 of 2nd period - Snap shot by Keith Tkachuk.
10:59 of 2nd period - Shot Misses the Net.
11:13 of 2nd period - Backhand shot by Martin Samuelsson.
11:13 of 2nd period - Shot Misses the Net.
11:46 of 2nd period - Slapshot by Filip Kuba.
11:46 of 2nd period - Stopped by Rick DiPietro without a rebound.
11:47 of 2nd period - Georges Laraque wins face-off versus Mike Ribeiro in Predators zone.
11:56 of 2nd period - Snap shot by Henrik Sedin.
11:56 of 2nd period - Shot Blocked by Oleg Saprykin.
11:58 of 2nd period - Snap shot by Georges Laraque.
11:58 of 2nd period - Stopped by Rick DiPietro with a rebound.
12:00 of 2nd period - Slapshot by David Hale.
12:00 of 2nd period - Goal by David Hale - Sharks : 3 - Predators : 2.
12:01 of 2nd period - Joe Thornton wins face-off versus Georges Laraque in neutral zone.
12:04 of 2nd period - Dany Heatley is hit by Robyn Regehr and loses puck.
12:08 of 2nd period - Icing by Henrik Sedin.
12:09 of 2nd period - Henrik Sedin wins face-off versus Joe Thornton in Sharks zone.
12:14 of 2nd period - Slapshot by Andrei Markov.
12:14 of 2nd period - Stopped by Rick DiPietro with a rebound.
12:16 of 2nd period - Slapshot by Georges Laraque.
12:16 of 2nd period - Stopped by Rick DiPietro with a rebound.
12:18 of 2nd period - Snap shot by Georges Laraque.
12:18 of 2nd period - Stopped by Rick DiPietro with a rebound.
12:20 of 2nd period - Wrist shot by Georges Laraque.
12:20 of 2nd period - Stopped by Rick DiPietro with a rebound.
12:22 of 2nd period - Snap shot by Henrik Sedin.
12:22 of 2nd period - Stopped by Rick DiPietro with a rebound.
12:34 of 2nd period - David Hale is hit by Mike Ribeiro and loses puck.
14:21 of 2nd period - Slapshot by Oleg Saprykin.
14:21 of 2nd period - Goal by Oleg Saprykin - Sharks : 3 - Predators : 3.
14:22 of 2nd period - Joe Thornton wins face-off versus Henrik Sedin in neutral zone.
14:37 of 2nd period - Snap shot by Joe Thornton.
14:37 of 2nd period - Stopped by Tyler Weiman without a rebound.
14:38 of 2nd period - Mike Ribeiro wins face-off versus Mikko Koivu in Sharks zone.
15:26 of 2nd period - Wrist shot by Keith Tkachuk.
15:26 of 2nd period - Shot Misses the Net.
15:46 of 2nd period - Slapshot by Alexander Steen.
15:46 of 2nd period - Shot Misses the Net.
15:48 of 2nd period - Wrist shot by Alexander Ovechkin.
15:48 of 2nd period - Goal by Alexander Ovechkin - Sharks : 3 - Predators : 4.
15:49 of 2nd period - Henrik Sedin wins face-off versus Joe Thornton in neutral zone.
16:23 of 2nd period - Oleg Saprykin is hit by Mikko Koivu.
16:43 of 2nd period - Slapshot by Alexander Edler.
16:43 of 2nd period - Stopped by Tyler Weiman without a rebound.
16:44 of 2nd period - Joe Thornton wins face-off versus Georges Laraque in Sharks zone.
17:37 of 2nd period - Snap shot by Ian Laperriere.
17:37 of 2nd period - Stopped by Rick DiPietro with a rebound.
18:42 of 2nd period - Slapshot by Kurtis Foster.
18:42 of 2nd period - Stopped by Tyler Weiman with a rebound.
18:48 of 2nd period - Wrist shot by Joe Thornton.
18:48 of 2nd period - Shot Misses the Net.
3rd period
0:01 of 3rd period - Joe Thornton wins face-off versus Henrik Sedin in neutral zone.
0:14 of 3rd period - Backhand shot by Alexander Ovechkin.
0:14 of 3rd period - Shot Blocked by Joni Pitkanen.
0:51 of 3rd period - Wrist shot by Patrick Eaves.
0:51 of 3rd period - Shot Blocked by Andy Miele.
0:53 of 3rd period - Snap shot by Filip Kuba.
0:53 of 3rd period - Stopped by Rick DiPietro with a rebound.
2:13 of 3rd period - Minor Penalty to Mikael Samuelsson for Hooking.
2:14 of 3rd period - Alexander Ovechkin wins face-off versus Henrik Sedin in Predators zone.
2:47 of 3rd period - Robyn Regehr is hit by Ian Laperriere and loses puck.
3:40 of 3rd period - Henrik Sedin is hit by Alexander Edler and loses puck.
4:13 of 3rd period - Penalty to Mikael Samuelsson is over, Mikael Samuelsson is back on ice.
4:50 of 3rd period - Wrist shot by Alexander Steen.
4:50 of 3rd period - Deflect By Mike Ribeiro.
4:50 of 3rd period - Shot Misses the Net.
4:50 of 3rd period - Puck is out of play.
4:51 of 3rd period - Keith Tkachuk wins face-off versus Adam Mair in Sharks zone.
6:07 of 3rd period - Snap shot by Filip Kuba.
6:07 of 3rd period - Shot Misses the Net.
6:09 of 3rd period - Snap shot by Filip Kuba.
6:09 of 3rd period - Deflect By Tomas Fleischmann.
6:09 of 3rd period - Shot Blocked by Kent Huskins.
6:09 of 3rd period - Puck is out of play.
6:10 of 3rd period - Mike Ribeiro wins face-off versus Adam Mair in Predators zone.
7:56 of 3rd period - Snap shot by Tomas Fleischmann.
7:56 of 3rd period - Stopped by Rick DiPietro with a rebound.
8:40 of 3rd period - Tomas Fleischmann is hit by Keith Tkachuk and loses puck.
8:57 of 3rd period - Snap shot by Keith Tkachuk.
8:57 of 3rd period - Shot Misses the Net.
8:59 of 3rd period - Backhand shot by Keith Tkachuk.
8:59 of 3rd period - Stopped by Tyler Weiman with a rebound.
9:01 of 3rd period - Snap shot by Keith Tkachuk.
9:01 of 3rd period - Shot Blocked by Adam Mair.
9:03 of 3rd period - Slapshot by Kurtis Foster.
9:03 of 3rd period - Deflect By Andy Miele.
9:03 of 3rd period - Stopped by Tyler Weiman with a rebound.
9:05 of 3rd period - Wrist shot by Andy Miele.
9:05 of 3rd period - Shot Blocked by Andrei Markov.
9:07 of 3rd period - Slapshot by Robyn Regehr.
9:07 of 3rd period - Shot Misses the Net.
9:09 of 3rd period - Wrist shot by Keith Tkachuk.
9:09 of 3rd period - Shot Misses the Net.
9:11 of 3rd period - Slapshot by Robyn Regehr.
9:11 of 3rd period - Stopped by Tyler Weiman without a rebound.
9:12 of 3rd period - Joe Thornton wins face-off versus Henrik Sedin in Sharks zone.
9:23 of 3rd period - Snap shot by Alexander Ovechkin.
9:23 of 3rd period - Shot Blocked by Georges Laraque.
9:52 of 3rd period - Mikko Koivu is hit by Mike Ribeiro and loses puck.
12:42 of 3rd period - Minor Penalty to Joni Pitkanen for Tripping.
12:43 of 3rd period - Joe Thornton wins face-off versus Dany Heatley in Sharks zone.
13:50 of 3rd period - David Hale is hit by Alexander Ovechkin and loses puck.
14:19 of 3rd period - Oleg Saprykin is hit by Martin Samuelsson and loses puck.
14:26 of 3rd period - Snap shot by Mikko Koivu.
14:26 of 3rd period - Stopped by Rick DiPietro without a rebound.
14:27 of 3rd period - Dany Heatley wins face-off versus Joe Thornton in Predators zone.
14:42 of 3rd period - Penalty to Joni Pitkanen is over, Joni Pitkanen is back on ice.
14:58 of 3rd period - Alexander Edler is hit by Adam Mair.
15:54 of 3rd period - Snap shot by Georges Laraque.
15:54 of 3rd period - Stopped by Rick DiPietro with a rebound.
16:03 of 3rd period - Off-side.
16:04 of 3rd period - Mikko Koivu wins face-off versus Keith Tkachuk in neutral zone.
16:07 of 3rd period - Slapshot by Andrei Markov.
16:07 of 3rd period - Stopped by Rick DiPietro with a rebound.
16:09 of 3rd period - Wrist shot by Ian Laperriere.
16:09 of 3rd period - Shot Misses the Net.
16:11 of 3rd period - Wrist shot by Daniel Sedin.
16:11 of 3rd period - Deflect By Ian Laperriere.
16:11 of 3rd period - Stopped by Rick DiPietro without a rebound.
16:12 of 3rd period - Alexander Ovechkin wins face-off versus Henrik Sedin in Predators zone.
16:27 of 3rd period - Snap shot by Joe Thornton.
16:27 of 3rd period - Deflect By Henrik Sedin.
16:27 of 3rd period - Shot Misses the Net.
16:27 of 3rd period - Puck is out of play.
16:28 of 3rd period - Joe Thornton wins face-off versus Mikko Koivu in Sharks zone.
16:36 of 3rd period - Minor Penalty to Mikko Koivu for Roughing.
16:37 of 3rd period - Joe Thornton wins face-off versus Dany Heatley in Sharks zone.
17:17 of 3rd period - Snap shot by Oleg Saprykin.
17:17 of 3rd period - Stopped by Tyler Weiman with a rebound.
18:25 of 3rd period - Icing by Mike Ribeiro.
18:26 of 3rd period - Mike Ribeiro wins face-off versus Adam Mair in Predators zone.
18:36 of 3rd period - Penalty to Mikko Koivu is over, Mikko Koivu is back on ice.
19:05 of 3rd period - Sharks, Tyler Weiman is pulled from the net.
19:15 of 3rd period - Snap shot by Henrik Sedin.
19:15 of 3rd period - Stopped by Rick DiPietro without a rebound.
19:16 of 3rd period - Kirk Muller call a timeout for Sharks.
19:16 of 3rd period - Joe Thornton wins face-off versus Henrik Sedin in Predators zone.
19:31 of 3rd period - Mikael Samuelsson is hit by Filip Kuba and loses puck.
19:36 of 3rd period - Snap shot by Dany Heatley.
19:36 of 3rd period - Shot Blocked by Kurtis Foster.
19:38 of 3rd period - Snap shot by Georges Laraque.
19:38 of 3rd period - Shot Blocked by Mikael Samuelsson.
19:40 of 3rd period - Wrist shot by Joni Pitkanen.
19:40 of 3rd period - Shot Misses the Net.
19:42 of 3rd period - Snap shot by Dany Heatley.
19:42 of 3rd period - Stopped by Rick DiPietro without a rebound.
19:43 of 3rd period - Henrik Sedin wins face-off versus Joe Thornton in Predators zone.
19:48 of 3rd period - Backhand shot by Filip Kuba.
19:48 of 3rd period - Shot Blocked by Kurtis Foster.
19:52 of 3rd period - Snap shot by Henrik Sedin.
19:52 of 3rd period - Stopped by Rick DiPietro with a rebound.
19:54 of 3rd period - Snap shot by Henrik Sedin.
19:54 of 3rd period - Stopped by Rick DiPietro with a rebound.
Output by the SimonT Hockey Simulator (STHS) for François Prévost -- Original Page W3C XHTML 1.0 Valid